 Dungeon Crawl Stone Soup version 0.26-a0-651-gb41185065b (webtiles) character file.

Game seed: 2431308965766630539

114 kae the Ruffian (level 4, -2/35 HPs)
             Began as a Draconian Transmuter on Oct 14, 2020.
             Killed by divine providence
             ... invoked by an orc priest
              (11 damage)
             ... on level 3 of the Dungeon.
             The game lasted 00:02:11 (2878 turns).

kae the Ruffian (Draconian Transmuter)              Turns: 2878, Time: 00:02:11

Health: -2/35      AC:  5    Str: 13    XL:     4   Next: 66%
Magic:  7/7        EV: 12    Int: 13    God:
Gold:   144        SH:  0    Dex: 12    Spells: 1/7 levels left

rFire    . . .     SeeInvis .   b - +0 hand axe
rCold    . . .     Faith    .   (no shield)
rNeg     . . .     Spirit   .   (armour unavailable)
rPois    .         Reflect  .   (helmet restricted)
rElec    .         Harm     .   (no cloak)
rCorr    .         Rampage  .   (no gloves)
MR       .....                  (no boots)
Stlth    +.........             (no amulet)
HPRegen  0.11/turn              (no ring)
MPRegen  0.10/turn              (no ring)

@: no status effects
A: unfitting armour, cold-blooded, AC +5
a: no special abilities


You were on level 3 of the Dungeon.
You visited 1 branch of the dungeon, and saw 3 of its levels.

You collected 144 gold pieces.

Inventory:

Hand Weapons
 b - a +0 hand axe (weapon)
Potions
 f - a potion of cancellation {unknown}
 g - a potion of flight {unknown}
 h - a potion of resistance {unknown}


   Skills:
 - Level 1.1 Fighting
 - Level 1.7 Dodging
 * Level 4.8 Unarmed Combat
 - Level 2.0 Spellcasting
 + Level 3.2 Transmutations


You had one spell level left.
You knew the following spells:

 Your Spells              Type           Power        Failure   Level
a - Beastly Appendage     Tmut           #.....       7%          1
b - Wereblood             Tmut           #.......     11%         2
c - Spider Form           Tmut/Pois      #.........   36%         3

Your spell library contained the following spells:

 Spells                   Type           Power        Failure   Level
 Ice Form                 Ice/Tmut       #.......     78%         4
 Blade Hands              Tmut           #.........   88%         5


Dungeon Overview and Level Annotations

Branches:
Dungeon (3/15)

Altars:
Ashenzari
Gozag

Annotations:
D:2 Sigmund


Innate Abilities, Weirdness & Mutations

Your plain brown scales are hard. (AC +5)
You cannot fit into any form of body armour.
You are cold-blooded and may be slowed by cold attacks.


Message History

The orc priest hits you but does no damage.
You hit the orc priest. Your kick misses the orc priest.
You headbutt the orc priest.
The orc priest is moderately wounded.
The orc priest calls down the wrath of Beogh upon you.
You barely resist. You hit the orc priest.
The orc priest is moderately wounded.
Your horns disappear.
Your talons disappear.
The orc priest barely misses you.
You completely miss the orc priest.
The orc priest is moderately wounded.
The orc priest closely misses you.
You hit the orc priest.
The orc priest is heavily wounded.
The orc priest hits you with a +0 club.
* * * LOW HITPOINT WARNING * * *
The orc priest invokes the aid of Beogh against you.
Beogh smites you!
You die...

.# #.# #.#
#.# #.# ####
#.#
#...###.##
#.o@...##
#...#)....#
### ##...##
##.#######.
#..........#
#.#######..##
##'## #......
..#
##...###.#
... <.#
##.....##.#
#.###.#


You could see an orc priest.

Vanquished Creatures
  Terence (D:2)
  3 adders (D:2)
  2 worms (D:2)
  A leopard gecko (D:2)
  2 orcs (D:3)
  A ball python (D:1)
  3 giant cockroaches
  8 goblins
  5 hobgoblins
  4 jackals (D:1)
  4 kobolds
  A quokka (D:2)
  5 bats
  5 frilled lizards
  A quokka skeleton (D:3)
  5 rats
51 creatures vanquished.

Notes
Turn   | Place    | Note
-------+----------+-------------------------------------------
     0 | D:1      | kae the Draconian Transmuter began the quest for the Orb.
     0 | D:1      | Reached XP level 1. HP: 16/16 MP: 3/3
   312 | D:1      | Reached XP level 2. HP: 21/23 MP: 5/5
   897 | D:1      | Reached XP level 3. HP: 27/28 MP: 4/6
  1106 | D:2      | Reached skill level 4 in Unarmed Combat
  1624 | D:2      | Reached XP level 4. HP: 35/35 MP: 5/7
  1679 | D:2      | Found an opulent altar of Gozag.
  1773 | D:2      | Noticed Terence
  1792 | D:2      | HP: 1/35 [Terence/+2 vorpal hand axe (2)]
  2188 | D:2      | Learned a level 2 spell: Wereblood
  2192 | D:2      | Learned a level 3 spell: Spider Form
  2314 | D:2      | Killed Terence
  2573 | D:2      | Found a broken altar of Ashenzari.
  2592 | D:2      | Noticed Sigmund
  2878 | D:3      | Killed from afar by an orc priest

Illustrated notes

Levels and vault maps discovered:
D:1:      mrwooster_arrival_statue_3, layout_basic, moated_statue,
          minmay_tetromino_l4
D:2:      layout_loops_cross, grunt_gozag_statues, evilmike_ruin_ashenzari,
          uniq_terence, uniq_sigmund
D:3:      layout_loops_corners, ebering_ghost_reflecting_pool

Skill      XL: |  1  2  3  4 |
---------------+-------------+-----
Unarmed Combat | 4 |  4.8
Transmutations | 3 |  3.2
Fighting       | |  1.1
Dodging        | |  1.7
Spellcasting   | |  2.0

Action                   |  1- 3 |  4- 6 || total
-------------------------+-------+-------++-------
Melee: Hand axe          |    79 |    57 ||   136
       Unarmed           |     7 |     8 ||    15
       Kick              |    13 |     7 ||    20
       Headbutt          |     5 |     6 ||    11
       Tailslap          |     3 |     7 ||    10
       Punch             |     2 |     2 ||     4
 Cast: Beastly Appendage |    14 |     9 ||    23
       Spider Form       |       |     1 ||     1
  Use: Scroll            |     3 |     3 ||     6
       Potion            |       |     1 ||     1
Armor: Skin              |    42 |    10 ||    52
Dodge: Dodged            |    77 |    44 ||   121

Table legend: (Time is in decaauts)
 A = Elapsed time spent in this place.
 B = Non-inter-level travel time spent in this place.
 C = Inter-level travel time spent in this place.
 D = Time resting spent in this place.
 E = Time spent auto-exploring this place.
 F = Levels seen in this place.
 G = Mean time per level.
                   A        B        C        D        E       F      G
               +--------+--------+--------+--------+--------+-----+--------+
         Total |   2917 |   2825 |     92 |    120 |   2235 |   3 |  972.3 |
       Dungeon |   2917 |   2825 |     92 |    120 |   2235 |   3 |  972.3 |
               +--------+--------+--------+--------+--------+-----+--------+

Top non-repeatable levels by time:
     D:2: 1525 daAuts
     D:1: 1268 daAuts
     D:3: 122 daAuts
